 Dungeon Crawl Stone Soup version 0.28-a0-604-g249bb1af34 (webtiles) character file.

Game seed: 17592201714461957944

784047 Conn the Archmage (level 27, 0/155 HPs)
             Began as an Octopode Fire Elementalist on Oct 4, 2021.
             Was the Champion of Sif Muna.
             Killed from afar by a hellion (30 damage)
             ... with damnation
             ... on level 5 of the Realm of Zot on Oct 5, 2021.
             The game lasted 09:29:46 (132083 turns).

Conn the Archmage (Octopode Fire Elementalist)    Turns: 132083, Time: 09:29:51

Health: 0/155      AC: 14    Str: 14 (18) XL:     27
Magic:  56/63      EV: 27    Int: 34      God:    Sif Muna [******]
Gold:   8132       SH: 20    Dex: 24      Spells: 2/80 levels left

rFire   + + +      SeeInvis .   f - staff of fire
rCold   . . .      Faith    .   D - +5 kite shield {reflect}
rNeg    + . .      Spirit   .   j - +1 hat of Resonance {rElec Str+2}
rPois   +          Reflect  +   l - amulet of the Four Winds {rN+ Will+++ Clar}
rElec   +          Harm     .   q - +4 ring of protection
rCorr   +          Rampage  .   t - ring "Xilyfub" {rPois MP+9 Dex+5}
Will    +++++      Clarity  +   Q - +6 ring of intelligence
Stlth   ++........              z - ring of Abstinence {Wiz rF+}
HPRegen 0.35/turn               r - +4 ring of protection
MPRegen 0.38/turn               k - ring "Utierch" {Drain rC+ rCorr Str+8 Dex+7}
                                S - ring of fire
                                s - +4 ring of protection

@: studying Polearms
A: almost no armour, amphibious, 8 rings, camouflage 1, gelatinous body 1,
(nimble swimmer 1), tentacles, beak, clumsy 1, deterioration 1, strong-willed 1
0: Orb of Zot
}: 5/15 runes: decaying, serpentine, slimy, silver, icy
a: Renounce Religion, Channel Magic, Forget Spell, Divine Exegesis


You were on level 5 of the Realm of Zot.
You worshipped Sif Muna.
Sif Muna was exalted by your worship.
You visited 17 branches of the dungeon, and saw 70 of its levels.
You also visited: Trove, Bailey, Gauntlet, Ice Cave and Wizlab.

You collected 14795 gold pieces.
You spent 6663 gold pieces at shops.

Inventory:

Hand Weapons
 y - the +7 lajatang of Order {silver, rMut}
   (You took it off a hell knight on level 5 of the Vaults)

   It inflicts extra damage upon those it strikes, and deals substantially
   increased damage to chaotic, mutated and magically transformed beings.
   rMut:      It protects you from mutation.
 H - the +3 Elemental Staff {rElec rF++ rC++ AC+5}
   (You found it on level 10 of the Dungeon)

   If the wielder is skilled in Evocations, they can discharge powerful blasts
   of elemental energy when striking with it.
   It enhances your fire, ice, earth and air magic.
   AC:        It affects your AC (+5).
   rF:        It greatly protects you from fire.
   rC:        It greatly protects you from cold.
   rElec:     It insulates you from electricity.
 X - the +5 rapier of Xemmy {chaos, Int+9 Stlth+}
   (You bought it in a shop on level 2 of the Orcish Mines)

   Each time it hits an enemy it has a different, random effect.
   Int:       It affects your intelligence (+9).
   Stlth:     It makes you more stealthy.
Armour
 j - the +1 hat of Resonance (worn) {rElec Str+2}
   (You found it in a Gauntlet)

   Str:       It affects your strength (+2).
   rElec:     It insulates you from electricity.
 u - a +3 buckler of protection
 D - a +5 kite shield of reflection (worn)
 T - the +10 tower shield of Ignorance {rN+ Int-4}
   (You bought it in a shop on level 13 of the Dungeon)

   Int:       It affects your intelligence (-4).
   rN:        It protects you from negative energy.
Magical Staves
 f - a staff of fire (weapon)
 g - a staff of air
 A - a staff of conjuration
 K - a staff of cold
Jewellery
 a - a ring of wizardry
 k - the ring "Utierch" (on tentacle) {Drain rC+ rCorr Str+8 Dex+7}
   (You found it on level 2 of the Crypt)

   [ring of resist corrosion]

   Str:       It affects your strength (+8).
   Dex:       It affects your dexterity (+7).
   rC:        It protects you from cold.
   rCorr:     It protects you from acid and corrosion.
   Drain:     It drains your maximum health when unequipped.
 l - the amulet of the Four Winds (around mantle) {rN+ Will+++ Clar}
   (You found it on level 5 of the Pits of Slime)

   [amulet of nothing]

   rN:        It protects you from negative energy.
   Clar:      It protects you against confusion.
   Will:      It greatly increases your willpower.
 q - a +4 ring of protection (left tentacle)
 r - a +4 ring of protection (on tentacle)
 s - a +4 ring of protection (on tentacle)
 t - the ring "Xilyfub" (right tentacle) {rPois MP+9 Dex+5}
   (You took it off a black draconian on level 4 of the Depths)

   [ring of magical power]

   Dex:       It affects your dexterity (+5).
   rPois:     It protects you from poison.
   MP:        It affects your magic capacity (+9).
 z - the ring of Abstinence (on tentacle) {Wiz rF+}
   (You took it off a guardian mummy on level 3 of the Crypt)

   [ring of wizardry]

   It improves your spell success rate.
   rF:        It protects you from fire.
 B - the ring "Herenu" {Will+ Int+4}
   (You took it off a deep elf demonologist on level 3 of the Elven Halls)

   [ring of willpower]

   Int:       It affects your intelligence (+4).
   Will:      It increases your willpower.
 I - the ring of Ettof {Ice rN++ rCorr Int+2 Slay+2}
   (You found it in a Gauntlet)

   [ring of ice]

   It enhances your ice magic.
   Int:       It affects your intelligence (+2).
   Slay:      It affects your accuracy & damage with ranged weapons and melee
   (+2).
   rF:        It makes you vulnerable to fire.
   rC:        It protects you from cold.
   rN:        It greatly protects you from negative energy.
   rCorr:     It protects you from acid and corrosion.
 L - a ring of see invisible
 Q - a +6 ring of intelligence (on tentacle)
 S - a ring of fire (on tentacle)
 W - the ring of Lughouxo {rElec rPois rF+ rC+ rCorr}
   (You bought it in a shop on level 2 of the Orcish Mines)

   [ring of protection from cold]

   rF:        It protects you from fire.
   rC:        It protects you from cold.
   rElec:     It insulates you from electricity.
   rPois:     It protects you from poison.
   rCorr:     It protects you from acid and corrosion.
Wands
 h - a wand of iceblast (67)
 w - a wand of digging (20)
 R - a wand of paralysis (32)
 Y - a wand of acid (8)
Scrolls
 b - 7 scrolls of magic mapping
 i - 16 scrolls of teleportation
 m - 4 scrolls of amnesia
 n - 13 scrolls of immolation
 v - 5 scrolls of identify
 x - 2 scrolls of summoning
 F - 4 scrolls of fog
 J - 6 scrolls of fear
 M - a scroll of torment
 P - 5 scrolls of blinking
 U - 2 scrolls of holy word
Potions
 c - 4 potions of haste
 d - 6 potions of lignification
 o - 4 potions of brilliance
 p - 24 potions of curing
 C - 6 potions of attraction
 E - 10 potions of cancellation
 G - 5 potions of invisibility
 N - a potion of magic
 V - a potion of heal wounds
 Z - 4 potions of resistance
Miscellaneous
 e - the horn of Geryon
 O - a phantom mirror


   Skills:
 + Level 5.1 Fighting
 + Level 3.8 Short Blades
 + Level 14.0 Staves
 * Level 15.7 Dodging
 + Level 10.2 Stealth
 + Level 14.0 Shields
 + Level 0.2 Unarmed Combat
 O Level 27 Spellcasting
 O Level 27 Conjurations
 - Level 3.4 Hexes
 - Level 8.7 Summonings
 - Level 10.2 Translocations
 + Level 26.0 Fire Magic
 + Level 3.3 Ice Magic
 + Level 4.2 Air Magic
 + Level 13.8 Earth Magic
 - Level 3.4 Poison Magic
 - Level 7.0 Invocations
 + Level 2.0 Evocations


You had 2 spell levels left.
You knew the following spells:

 Your Spells              Type           Power      Damage    Failure   Level
a - Foxfire               Conj/Fire      100%       2x1d9     0%          1
b - Ignition              Fire           86%        3d22      1%          8
c - Blink                 Tloc           N/A        N/A       0%          2
d - Lehudib's Crystal Sp  Conj/Erth      55%        10d13     1%          8
e - Dispersal             Tloc           43%        N/A       1%          6
f - Hailstorm             Conj/Ice       99%        3d19      0%          4
g - Iskenderun's Mystic   Conj/Tloc      100%       2d19      0%          4
h - Fire Storm            Conj/Fire      87%        8d22      1%          9
i - Fireball              Conj/Fire      87%        3d32      0%          5
j - Orb of Destruction    Conj           62%        9d17      0%          7
k - Scorch                Fire           100%       2d10      0%          2
l - Summon Guardian Gole  Hex/Summ       72%        N/A       1%          3
m - Starburst             Conj/Fire      87%        6d22      0%          6
n - Iron Shot             Conj/Erth      55%        9d10      0%          6
o - Spellforged Servitor  Conj/Summ      52%        N/A       1%          7

Your spell library contained the following spells:

 Spells                   Type           Power      Damage    Failure   Level
 Apportation              Tloc           100%       N/A       0%          1
 Magic Dart               Conj           100%       1d8       0%          1
 Sandblast                Erth           100%       2d20      0%          1
 Shock                    Conj/Air       100%       1d9       0%          1
 Summon Small Mammal      Summ           100%       N/A       0%          1
 Call Imp                 Summ           81%        N/A       0%          2
 Searing Ray              Conj           100%       2d8       0%          2
 Static Discharge         Conj/Air       100%       N/A       0%          2
 Animate Skeleton         Necr           90%        N/A       1%          1
 Beastly Appendage        Tmut           90%        N/A       1%          1
 Freeze                   Ice            100%       1d11      1%          1
 Pain                     Necr           100%       1d9       1%          1
 Sting                    Tmut/Pois      100%       1d8       1%          1
 Corpse Rot               Necr/Air       N/A        N/A       1%          2
 Ensorcelled Hibernation  Hex/Ice        100%       N/A       1%          2
 Passwall                 Tmut/Erth      62%        N/A       1%          2
 Poisonous Vapours        Pois/Air       100%       N/A       1%          2
 Slow                     Hex            62%        N/A       1%          2
 Sublimation of Blood     Necr           22%        N/A       1%          2
 Wereblood                Tmut           45%        N/A       1%          2
 Conjure Flame            Conj/Fire      100%       6-21      0%          3
 Dazzling Flash           Conj/Hex       100%       N/A       0%          3
 Gell's Gravitas          Tloc           43%        N/A       0%          3
 Inner Flame              Hex/Fire       100%       N/A       0%          3
 Lesser Beckoning         Tloc           86%        N/A       0%          3
 Mephitic Cloud           Conj/Pois/Air  90%        N/A       0%          3
 Stone Arrow              Conj/Erth      100%       3d13      0%          3
 Teleport Other           Tloc           86%        N/A       0%          3
 Flame Wave               Conj/Fire      100%       3d16      0%          4
 Fulminant Prism          Conj/Hex       49%        3d21      0%          4
 Sticky Flame             Conj/Fire      100%       2d11      0%          4
 Iskenderun's Battlesphe  Conj           100%       2d15      0%          5
 Lightning Bolt           Conj/Air       50%        1d71      0%          5
 Call Canine Familiar     Summ           81%        N/A       1%          3
 Confusing Touch          Hex            62%        N/A       1%          3
 Frozen Ramparts          Ice            100%       1d12      1%          3
 Ignite Poison            Fire/Tmut/Pois 100%       N/A       1%          3
 Ozocubu's Armour         Ice            62%        N/A       1%          3
 Portal Projectile        Hex/Tloc       100%       N/A       1%          3
 Spider Form              Tmut/Pois      27%        N/A       1%          3
 Swiftness                Air            65%        N/A       1%          3
 Tukima's Dance           Hex            62%        N/A       1%          3
 Vampiric Draining        Necr           22%        2d9       1%          3
 Airstrike                Air            32%        N/A       1%          4
 Animate Dead             Necr           22%        N/A       1%          4
 Cause Fear               Hex            31%        N/A       1%          4
 Dispel Undead            Necr           45%        3d17      1%          4
 Ice Form                 Ice/Tmut       55%        N/A       1%          4
 Leda's Liquefaction      Hex/Erth       40%        N/A       1%          4
 Olgreb's Toxic Radiance  Pois           62%        N/A       1%          4
 Passage of Golubria      Tloc           N/A        N/A       1%          4
 Petrify                  Tmut/Erth      75%        N/A       1%          4
 Summon Ice Beast         Ice/Summ       72%        N/A       1%          4
 Summon Lightning Spire   Summ/Air       74%        N/A       1%          4
 Borgnjor's Vile Clutch   Necr/Erth      37%        N/A       1%          5
 Freezing Cloud           Conj/Ice/Air   45%        6-21      1%          5
 Irradiate                Conj/Tmut      47%        3d29      1%          5
 Lee's Rapid Deconstruct  Erth           48%        3d24*     1%          5
 Manifold Assault         Tloc           86%        N/A       1%          5
 Metabolic Englaciation   Hex/Ice        31%        N/A       1%          5
 Silence                  Hex/Air        32%        N/A       1%          5
 Summon Forest            Summ/Tloc      42%        N/A       1%          5
 Summon Mana Viper        Hex/Summ       72%        N/A       1%          5
 Conjure Ball Lightning   Conj/Air       50%        3x3d17    1%          6
 Statue Form              Tmut/Erth      50%        N/A       1%          6
 Summon Cactus Giant      Summ           40%        N/A       1%          6
 Alistair's Intoxication  Tmut/Pois      36%        N/A       2%          5
 Yara's Violent Unravell  Hex/Tmut       27%        3d12      2%          5
 Malign Gateway           Summ/Tloc      42%        N/A       3%          7
 Monstrous Menagerie      Summ           40%        N/A       4%          7
 Summon Hydra             Summ           40%        N/A       4%          7
 Agony                    Necr           45%        N/A       6%          5
 Blade Hands              Tmut           22%        N/A       6%          5
 Excruciating Wounds      Necr           22%        N/A       6%          5
 Invisibility             Hex            31%        N/A       9%          6
 Eringya's Noxious Bog    Tmut/Pois      27%        N/A       16%         6
 Simulacrum               Ice/Necr       27%        N/A       16%         6
 Disjunction              Tloc           43%        N/A       21%         8
 Haunt                    Necr/Summ      33%        N/A       28%         7
 Death Channel            Necr           22%        N/A       30%         6
 Chain Lightning          Conj/Air       50%        3d66      32%         9
 Summon Horrible Things   Summ           40%        N/A       34%         8
 Ozocubu's Refrigeration  Ice            31%        4d11      41%         7
 Storm Form               Tmut/Air       28%        N/A       56%         7
 Shatter                  Erth           48%        3d37*     56%         9
 Dragon Form              Tmut           22%        N/A       83%         7
 Maxwell's Capacitive Co  Air            32%        ∞         91%         8
 Discord                  Hex            31%        N/A       96%         8
 Dragon's Call            Summ           40%        N/A       99%         9
 Borgnjor's Revivificati  Necr           22%        N/A       100%        8
 Infestation              Necr           22%        N/A       100%        8
 Necromutation            Tmut/Necr      22%        N/A       100%        8
 Death's Door             Necr           22%        N/A       100%        9
 Polar Vortex             Ice            31%        N/A       100%        9
 Animate Armour           Summ/Erth      Unusable   N/A       N/A         4

Dungeon Overview and Level Annotations

Branches:
Dungeon (15/15)            Temple (1/1) D:5            Lair (6/6) D:8
  Swamp (4/4) Lair:2        Snake (4/4) Lair:2        Slime (5/5) Lair:5
    Orc (2/2) D:9             Elf (3/3) Orc:2        Vaults (5/5) D:14
  Crypt (3/3) Vaults:3       Tomb (1/3) Crypt:3      Depths (4/4) D:15
   Hell (visited)             Dis (2/7) Hell            Geh (0/7) Hell
    Coc (7/7) Hell            Tar (2/7) Hell            Zot (5/5) Depths:4
 Bailey (visited)           IceCv (visited)          WizLab (visited)
Gauntlet (visited)

Altars:
Ashenzari
Cheibriados
Dithmenos
Elyvilon
Fedhas
Makhleb
Okawaru
Qazlal
Sif Muna
Trog
Vehumet
Wu Jian
Yredelemnul
Beogh
Jiyva
Lugonu

Shops:
D:1 (   D:2 [   D:13 (*[*[   Orc:2 =*[(   Elf:1 :   Elf:2 **!*   Snake:2 [
Snake:3 ((((   Vaults:1 ([:   Vaults:4 [   Depths:3 ?[*

Portals:
Hell: Depths:1 Depths:3 Depths:4
Abyss: Depths:3 Depths:4
Pandemonium: Depths:2
Ziggurat: Depths:3

Annotations:
Depths:2 2 runed translucent doors


Innate Abilities, Weirdness & Mutations

You cannot wear most types of armour.
You are amphibious.
You can wear up to eight rings at the same time.
Your skin changes colour to match your surroundings (Stealth+).
Your rubbery body absorbs attacks. (AC +1, EV +1)
((You are camouflaged near water. (Stealth+)))
You have tentacles for arms and can constrict up to eight enemies at once.
You have a beak for a mouth.
You are clumsy. (Dex -2)
Your body sometimes deteriorates upon taking damage.
You are strong-willed. (Will+)


Message History

Aim: an Orb Guardian (severely wounded, 71% to hit)
The iron shot hits the Orb Guardian!!!
You kill the Orb Guardian!
Sif Muna accepts your kill.
Your Evocations skill increases to level 2!
You see here the Orb of Zot.
You pick up the Orb of Zot!
The Orb lets out a hideous shriek!
The lords of Pandemonium are not amused.
Beware!
Now all you have to do is get back out of the dungeon!
Things that are here:
a +0 cloak; a +0 short sword
(D) Dungeon (T) Temple (L) Lair (S) Swamp (P) Snake Pit (M) Slime Pits (O) Orcish Mines (E) Elven Halls (V) Vaults (C) Crypt (W) Tomb (U) Depths (H) Hell (I) Dis (G) Gehenna (X) Cocytus (Y) Tartarus (Z) Zot
Where to? (Enter - Zot:5, ? - help) Sorry, I don't know how to get there.
You see here a +0 glaive.
Really wriggle into that net trap?
You avoid being caught in a net.
There is a net trap, spattered with blood here.
You see here a +12 antimagic club.
A hellion comes into view.
The hellion gestures at you.
The sphere of damnation explodes!
The damnation engulfs you!! The hellion gestures at you.
The sphere of damnation explodes!
The damnation engulfs you!!
You see here a +0 war axe.
The hellion gestures at you.
The sphere of damnation explodes!
The damnation engulfs you!! The hellion gestures at you.
The sphere of damnation explodes!
The damnation engulfs you!!
An Orb Guardian comes into view.
The hellion gestures at you.
The sphere of damnation explodes!
The damnation engulfs you!!
* * * LOW HITPOINT WARNING * * *
The hellion gestures at you.
The sphere of damnation explodes!
The damnation engulfs you!!
You die...

............#####....#####.......
.............# #...## ##........
.............## #...# #........#
..#.....#.....###...####........#
..###...##..................#...#
..# #...####..............###...#
..# #...# #.............## #...#
.^# #...## #.............# #....
..###....###....@........####....
.....................[...........
######▓▓▓▓########.########▓▓▓▓##
.....## #.^.....).......# ##.
......## ##..........(..## ##..
.......## #.............# ##...
....v...# ##.......2...## #....
........# #..........X# #....
........# ##...........## #....


You could see an Orb Guardian and a hellion.

Vanquished Creatures
  Antaeus (Coc:7)
  the Royal Jelly (Slime:5)
  Dissolution (Slime:3)
  Tiamat (Zot:5)
  3 dread liches
  Khufu (Crypt:2)
  5 ancient liches
  Mara (Vaults:3)
  Mennas (Tomb:1)
  10 orbs of fire
  A juggernaut (Depths:4)
  The ghost of Zaowoih the Warrior, a veteran GrFi of the Shining One (Crypt:2)
  Boris (twice) (Vaults:2 Vaults:4)
  2 royal mummies (Tomb:1)
  Sojobo (Vaults:2)
  25 shard shrikes
  A Head Instructor (WizLab)
  Bai Suzhen (Crypt:2)
  The ghost of Zijastu the Axe Maniac, a veteran MiBe of Trog (Crypt:3)
  The ghost of Ongus the Brawler, a veteran TrEE of Sif Muna (Depths:1)
  3 Killer Klowns
  A curse toe (Zot:5)
  Saint Roka (Snake:2)
  Xtahua (Vaults:3)
  Geryon (Hell)
  Nikola (Snake:3)
  2 caustic shrikes
  11 golden dragons
  2 profane servitors (Tar:1)
  2 bone dragons (Crypt:3)
  4 electric golems
  A shard shrike zombie (Crypt:2)
  4 hellephants (Depths:1)
  An iron giant (Dis:1)
  12 Ice Fiends
  Mlioglotl (Snake:4)
  A tainted leviathan (Tar:1)
  A walking earthen tome (Depths:2)
  22 Orb Guardians (Zot:5)
  13 titans
  3 deep elf master archers
  24 tentacled monstrosities
  A deep elf blademaster (Elf:3)
  9 quicksilver dragons
  Asterion (Vaults:3)
  14 ancient champions
  6 liches
  18 acid blobs
  6 death cobs
  9 sphinxes
  2 thorn hunters (Swamp:4)
  Kirke (Snake:2)
  14 shadow dragons
  Gastronok (Lair:3)
  Agnes (D:15)
  7 tengu reavers
  2 revenants
  13 storm dragons
  Donald (Snake:2)
  7 nagarajas
  30 azure jellies
  12 draconian monks
  7 fire giants
  8 deep elf sorcerers
  8 iron dragons
  8 rockslimes
  3 ghost moths
  A juggernaut zombie (Crypt:3)
  10 draconian knights
  19 vault wardens
  2 quicksilver elementals (Dis:1)
  5 balrugs
  16 frost giants
  4 cacodemons (Depths:1)
  26 narguns
  8 draconian shifters
  3 orc warlords
  2 curse skulls (Crypt:3)
  5 deep elf elementalists (Elf:3)
  6 hydra zombies
  13 shard shrike simulacra
  8 draconian scorchers
  3 draconian stormcallers
  Louise (Swamp:2)
  7 ghouls
  7 ironbound preservers
  Aizul (Snake:2)
  6 draconian annihilators
  The ghost of Qeddo the Carver, a journeyman DjAE of Makhleb (Lair:4)
  An angel (Depths:3)
  2 caustic shrike skeletons
  2 spriggan defenders
  11 war gargoyles
  13 stone giants
  7 reapers
  10 quicksilver oozes
  31 very ugly things
  16 green draconians
  21 elemental wellsprings
  7 deep elf annihilators
  11 vampire knights
  A lorocyproca (Depths:1)
  A putrid mouth (Tar:1)
  12 deep elf demonologists
  16 white draconians
  9 yellow draconians
  8 black draconians
  19 purple draconians
  5 dire elephants (Vaults:1)
  Azrael (D:15)
  18 wendigos
  6 spark wasps (Depths:4)
  4 bunyips
  19 red draconians
  2 minotaurs
  6 deep elf death magi
  2 iron golems
  3 eidola
  7 mummy priests (Tomb:1)
  10 jiangshi
  3 eleionomae
  4 fire dragons
  Snorg (D:11)
  A fenstrider witch zombie (Crypt:3)
  13 ettins
  4 deep elf high priests
  4 shambling mangroves
  2 salamander tyrants
  7 yaktaur captains
  2 peacekeepers
  4 ironbound thunderhulks
  17 great orbs of eyes
  3 ice dragons
  2 quicksilver dragon skeletons (Crypt:3)
  The ghost of Gargoyl the Fighter, a journeyman GnAK of Lugonu (Lair:1)
  15 naga warriors
  6 rakshasas
  14 hydras
  A hell beast (Hell)
  5 spriggan air magi
  5 juggernaut simulacra
  29 vault guards
  9 centaur warriors
  4 boulder beetles
  4 two-headed ogres
  An anaconda (shapeshifter) (Depths:1)
  5 catoblepae
  8 caustic shrike simulacra
  11 ironbound frosthearts
  A ghost crab (Swamp:4)
  9 anacondas
  The ghost of KristoblXynda the Carver, a novice DrGl of Yredelemnul (D:11)
  4 death knights
  44 dancing weapons
  2 ogre magi
  8 alligators
  10 deep troll shamans
  7 tengu warriors
  9 vampire magi
  7 shock serpents
  10 deep troll earth magi
  3 spriggan berserkers
  15 hell hogs
  5 orc high priests
  4 hell knights
  6 soul eaters
  10 death yaks
  A spectral spriggan (Tar:1)
  Sonja (D:10)
  Urug (Orc:2)
  12 sun demons
  2 crystal echidnas (Dis:1)
  A spectral naga (Tar:1)
  2 shadow wraiths
  17 naga sharpshooters
  25 deep elf knights
  A titan skeleton (Vaults:5)
  6 salamander mystics
  6 goliath frogs
  A spark wasp zombie (Crypt:3)
  67 skeletal warriors
  3 death drakes
  4 sea snakes (Snake:4)
  11 iron trolls
  6 flayed ghosts
  9 quicksilver dragon simulacra
  4 glowing orange brains
  A sea snake (shapeshifter) (Depths:1)
  9 swamp dragons
  9 wizards
  4 bog bodies
  5 naga ritualists
  7 spriggan druids
  12 ironbound convokers
  5 spectral hydras (Swamp:4)
  An iron giant skeleton (Crypt:3)
  2 bunyip skeletons (Crypt:3)
  11 orc knights
  36 deep trolls
  20 deep elf archers
  9 lindwurms
  Pikel (D:7)
  16 phantasmal warriors
  A tengu skeleton (Hell)
  31 deep elf zephyrmancers
  38 deep elf pyromancers
  A mana viper (shapeshifter) (D:15)
  A stone giant zombie (Vaults:5)
  14 necromancers
  33 ugly things
  6 shining eyes
  21 mana vipers
  4 oklob plants
  6 cyclopes
  2 orb spiders (Zot:4)
  11 orc sorcerers
  A manticore (shapeshifter) (Vaults:5)
  2 will-o-the-wisps
  3 manticores
  A shining eye (shapeshifter) (Depths:4)
  3 shadow dragon skeletons
  28 moths of wrath
  13 salamanders
  A faun (shapeshifter) (Vaults:5)
  An eleionoma skeleton (Crypt:3)
  8 elephants (Lair:6)
  8 guardian serpents
  A spectral alligator snapping turtle (Tar:1)
  2 spectral centaurs
  9 naga magi
  26 vault sentinels
  42 black mambas
  An elephant (shapeshifter) (Vaults:5)
  7 smoke demons
  8 rust devils (Hell)
  14 cane toads
  6 titan simulacra
  5 ice statues
  2 dire elephant skeletons (Crypt:3)
  3 eyes of devastation
  3 hellions
  A shock serpent skeleton (Crypt:3)
  A molten gargoyle (Hell)
  2 spriggan skeletons
  Maurice (D:13)
  2 minotaur zombies (Gauntlet)
  A gargoyle (D:14)
  Maggie (D:6)
  2 unseen horrors
  3 naga skeletons (Crypt:3)
  An unseen horror (shapeshifter) (D:15)
  2 sea snake zombies (Hell)
  12 komodo dragons
  2 rime drakes (Lair:4)
  9 ice devils
  A yaktaur (shapeshifter) (Vaults:5)
  An alligator snapping turtle skeleton (Crypt:3)
  2 bunyip simulacra
  A black draconian skeleton (Crypt:2)
  38 yaktaurs
  7 anaconda simulacra
  3 iron giant simulacra (Coc:7)
  6 tormentors
  17 freezing wraiths
  A redback zombie (Crypt:3)
  8 guardian mummies
  2 hellwings (Depths:2)
  A silent spectre (Tar:1)
  6 tengu conjurers
  2 bloated husks
  26 hornets
  2 jumping spiders (Zot:4)
  2 spectral harpies
  2 jumping spiders (shapeshifter)
  A hornet (shapeshifter) (Depths:1)
  3 death drake zombies (Swamp:4)
  A polar bear (Lair:6)
  A raiju (shapeshifter) (Vaults:5)
  2 harpy skeletons (Crypt:3)
  2 trolls
  8 tyrant leeches
  19 blink frogs
  Prince Ribbit (D:6)
  4 dream sheep (Lair:4)
  2 stone giant simulacra (Coc:2)
  162 slime creatures
  A jumping spider zombie (Crypt:2)
  An alligator zombie (Hell)
  An alligator skeleton (Crypt:1)
  7 iron dragon simulacra
  23 flying skulls
  A centaur simulacrum (Crypt:2)
  2 air elementals
  6 wyverns
  An ice dragon skeleton (Crypt:3)
  4 vampires (D:11)
  20 spriggans
  7 water elementals
  2 shadows
  2 tarantellas (Zot:4)
  An ettin skeleton (Crypt:3)
  5 fire elementals
  A fire dragon skeleton (Crypt:3)
  4 basilisks
  3 hogs (Snake:2)
  38 yaks
  A wind drake zombie (Crypt:1)
  13 wraiths
  7 ushabtiu (Tomb:1)
  8 dire elephant simulacra
  A golden eye (shapeshifter) (Depths:2)
  A yaktaur simulacrum (Vaults:4)
  A black mamba skeleton (Hell)
  11 golden eyes
  An emperor scorpion simulacrum (Coc:1)
  A death yak simulacrum (IceCv)
  7 vampire mosquitoes (D:13)
  15 swamp worms
  11 harpy simulacra
  A warg (Elf:2)
  5 hydra simulacra
  23 nagas
  A swamp worm (shapeshifter) (Depths:2)
  Duvessa (D:6)
  2 acid dragons
  8 hell hounds
  An infernal demonspawn zombie (Crypt:3)
  A cane toad zombie (Crypt:3)
  13 water moccasins
  2 deep troll skeletons
  7 swamp drakes
  2 cane toad skeletons (Crypt:2)
  A swamp dragon zombie (Swamp:4)
  A black bear (Lair:3)
  3 human zombies
  61 orc warriors
  4 ettin simulacra
  2 alligator simulacra (Hell)
  A hornet zombie (Crypt:1)
  10 ogres
  A swamp dragon skeleton (Crypt:2)
  6 wolves (Lair:2)
  8 necrophages
  3 boggarts (Vaults:2)
  A tengu (shapeshifter) (Depths:1)
  7 centaurs
  A phantom (D:5)
  An elephant skeleton (Crypt:1)
  2 lemures (D:7)
  A torpor snail zombie (Crypt:2)
  13 bullfrogs
  3 scorpions (D:6)
  2 bullfrogs (shapeshifter) (Depths:1)
  3 two-headed ogre simulacra (IceCv)
  A wyvern zombie (D:4)
  A cane toad simulacrum (IceCv)
  A glowing shapeshifter simulacrum (Vaults:4)
  2 earth elementals
  Dowan (D:6)
  A raiju zombie (Crypt:1)
  A water moccasin skeleton (D:6)
  11 killer bees (D:9)
  5 wights
  5 howler monkeys
  5 electric eels
  8 centaur zombies
  A jelly (D:5)
  A black bear zombie (Crypt:2)
  37 orc priests
  6 hounds
  4 centaur skeletons
  3 iguanas
  26 orc wizards
  Natasha (thrice) (D:3)
  2 polar bear simulacra (IceCv)
  9 troll simulacra (IceCv)
  2 wolf simulacra (IceCv)
  15 spriggan simulacra
  A killer bee zombie (Crypt:3)
  A hound skeleton (Crypt:2)
  22 mummies
  A gnoll (shapeshifter) (Depths:1)
  5 gnolls
  4 adders
  13 naga simulacra
  16 white imps
  6 ufetubi (IceCv)
  An adder zombie (Crypt:1)
  2 worms
  A dart slug (D:3)
  103 orcs
  9 bats
  5 endoplasms
  3 giant cockroaches
  23 goblins
  14 hobgoblins
  2 jackals (D:4)
  9 quokkas
  3 ball pythons (D:1)
  A bat (shapeshifter) (Depths:1)
  4 frilled lizards
  A frilled lizard zombie (Crypt:1)
  23 kobolds
  6 rats
  A bush (D:7)
  A butterfly (Lair:2)
  6 fire vortices
  A foxfire (Swamp:3)
  7 plants (Zot:3)
3062 creatures vanquished.

Vanquished Creatures (collateral kills)
  An orb of fire (Zot:5)
  A shard shrike (Coc:5)
  An Orb Guardian (Zot:5)
  A shadow dragon (Hell)
  A draconian monk (Zot:3)
  A fire giant (Crypt:3)
  A ghost moth (Zot:4)
  An orc warlord (Crypt:3)
  A draconian shifter (Zot:5)
  A shard shrike simulacrum (Coc:5)
  A ghoul (Crypt:3)
  A purple draconian (Zot:5)
  A black draconian (Zot:5)
  2 green draconians
  2 white draconians (Zot:5)
  A mummy priest (Tomb:1)
  A hydra (Lair:6)
  A hell hog (Hell)
  A naga sharpshooter (Snake:4)
  A sun demon (Hell)
  A phantasmal warrior (Crypt:3)
  A guardian serpent (Snake:4)
  An ice statue (Coc:7)
  A molten gargoyle (Hell)
  2 ice devils (Hell)
  A water elemental (Coc:7)
  3 harpy simulacra
  A hell hound (Hell)
  An ettin simulacrum (Coc:5)
  A wight (D:8)
  A centaur zombie (D:8)
  An iguana (shapeshifter) (Depths:1)
  A mummy (Tomb:1)
  16 foxfires
54 creatures vanquished.

Vanquished Creatures (others)
  A deep elf sorcerer (Elf:3)
  An elemental wellspring (Coc:7)
  A yellow draconian (Zot:3)
  A juggernaut simulacrum (Coc:7)
  A hydra (Swamp:4)
  A caustic shrike simulacrum (Coc:7)
  A deep elf zephyrmancer (Elf:1)
  A deep elf pyromancer (Elf:1)
  A demonic crawler (Hell)
  2 bushes (D:7)
  301 fire vortices
  2918 foxfires
  24 fungi
  162 plants
3416 creatures vanquished.

Grand Total: 6532 creatures vanquished

Notes
Turn   | Place    | Note
-------+----------+-------------------------------------------
     0 | D:1      | Conn the Octopode Fire Elementalist began the quest for the
                  | Orb.
     0 | D:1      | Reached XP level 1. HP: 11/11 MP: 3/3
   136 | D:1      | Reached XP level 2. HP: 17/17 MP: 0/5
   204 | D:1      | Found Yleun's Weapon Emporium.
   358 | D:1      | Reached XP level 3. HP: 17/21 MP: 2/6
   418 | D:1      | Found a faded altar of an unknown god.
  1609 | D:2      | Reached XP level 4. HP: 27/27 MP: 4/7
  1808 | D:2      | Found Kyson's Armour Shop.
  2433 | D:1      | Learned a level 3 spell: Conjure Flame
  2437 | D:1      | Learned a level 3 spell: Inner Flame
  2944 | D:3      | Noticed Natasha
  2984 | D:3      | Killed Natasha
  2985 | D:3      | Reached XP level 5. HP: 31/31 MP: 0/9
  3057 | D:3      | Noticed Natasha
  3063 | D:3      | Killed Natasha
  3427 | D:3      | Noticed Natasha
  3443 | D:3      | Killed Natasha
  3772 | D:4      | Reached XP level 6. HP: 10/36 MP: 1/11
  4083 | D:4      | Reached skill level 5 in Fire Magic
  4261 | D:4      | Noticed an orc warrior
  4465 | D:5      | Entered Level 5 of the Dungeon
  4624 | D:5      | Reached XP level 7. HP: 41/41 MP: 6/13
  5792 | D:5      | Reached skill level 1 in Hexes
  5971 | D:5      | Identified the +1 leather armour of Fallacy {rF+ Will-
                  | Dex+4}
  6008 | D:5      | HP: 2/41 [spore (39)]
  6009 | D:5      | Reached skill level 5 in Spellcasting
  6009 | D:5      | Reached XP level 8. HP: 2/47 MP: 11/15
  6348 | D:5      | Found a staircase to the Ecumenical Temple.
  6357 | Temple   | Entered the Ecumenical Temple
  6373 | Temple   | Became a worshipper of Sif Muna the Loreminder
  6884 | D:6      | Noticed Prince Ribbit
  6909 | D:6      | Killed Prince Ribbit
  7321 | D:2      | Bought a +0 buckler of protection for 138 gold pieces
  7543 | D:6      | Noticed Duvessa
  7543 | D:6      | Noticed Dowan
  7560 | D:6      | Killed Duvessa
  7560 | D:6      | Killed Dowan
  7685 | D:6      | Reached XP level 9. HP: 43/52 MP: 12/18
  7865 | D:6      | Reached skill level 5 in Conjurations
  8697 | D:6      | Noticed Maggie
  8705 | D:6      | Killed Maggie
  8827 | D:7      | Noticed a hornet
  8842 | D:7      | Killed a hornet
  8843 | D:7      | Reached skill level 1 in Shields
  8851 | D:7      | Reached skill level 1 in Invocations
  9014 | D:7      | Noticed Pikel
  9034 | D:7      | Reached skill level 1 in Staves
  9041 | D:7      | Killed Pikel
  9042 | D:7      | Reached skill level 1 in Evocations
  9320 | D:7      | Reached * piety under Sif Muna
  9532 | D:7      | Identified the +1 robe of Virtue {-Cast rPois Dex+9 Stlth+}
  9558 | D:7      | Found a blossoming altar of Fedhas.
  9568 | D:7      | Reached XP level 10. HP: 29/57 MP: 14/20
 11051 | D:8      | Learned a level 4 spell: Flame Wave
 11266 | D:8      | Reached skill level 1 in Fighting
 11982 | D:8      | Found a staircase to the Lair.
 12525 | D:9      | Learned a level 2 spell: Scorch
 12530 | D:9      | Learned a level 4 spell: Hailstorm
 12535 | D:9      | Learned a level 4 spell: Olgreb's Toxic Radiance
 12608 | D:9      | Reached ** piety under Sif Muna
 12786 | D:9      | Found a staircase to the Orcish Mines.
 13081 | D:9      | Reached skill level 5 in Invocations
 13402 | D:9      | Reached XP level 11. HP: 63/63 MP: 23/23
 13837 | Orc:1    | Entered Level 1 of the Orcish Mines
 13838 | Orc:1    | Noticed an orc knight
 13939 | D:10     | Entered Level 10 of the Dungeon
 14089 | D:10     | Noticed a two-headed ogre
 14105 | D:10     | Killed a two-headed ogre
 14106 | D:10     | Reached skill level 1 in Poison Magic
 14179 | D:10     | Reached skill level 1 in Air Magic
 14222 | D:10     | Noticed Sonja
 14231 | D:10     | Killed Sonja
 14232 | D:10     | Reached skill level 1 in Ice Magic
 14539 | D:10     | Found the +3 Elemental Staff {rElec rF++ rC++ AC+5}
 15143 | D:11     | Noticed a white ugly thing
 15152 | D:11     | Killed a white ugly thing
 15203 | D:11     | Noticed a death knight
 15216 | D:11     | Found a gate leading to a gauntlet.
 15226 | Gauntlet | Entered a Gauntlet
 15226 | Gauntlet | Noticed a death drake
 15226 | Gauntlet | Found a transporter.
 15229 | Gauntlet | Found a transporter.
 15242 | Gauntlet | Found a transporter.
 15246 | Gauntlet | Found a transporter.
 15266 | Gauntlet | Found a transporter.
 15273 | Gauntlet | Noticed a necromancer
 15273 | Gauntlet | Noticed a death yak
 15273 | Gauntlet | Noticed a death yak
 15275 | Gauntlet | Found a transporter.
 15277 | Gauntlet | Noticed a death yak
 15280 | Gauntlet | Found a transporter.
 15284 | Gauntlet | Found a transporter.
 15284 | Gauntlet | Found the +8 trident of the Octopus King {venom, rElec
                  | rPois Will+}
 15323 | Gauntlet | Found a transporter.
 15327 | Gauntlet | Found a transporter.
 15328 | Gauntlet | Found a transporter.
 15382 | Gauntlet | Found a transporter.
 15399 | Gauntlet | Found a runed translucent door.
 15523 | Gauntlet | Killed a death drake
 15527 | Gauntlet | Identified the +1 hat of Resonance {rElec Str+2}
 15541 | Gauntlet | Reached *** piety under Sif Muna
 15656 | Gauntlet | Reached skill level 5 in Shields
 15681 | Gauntlet | Reached XP level 12. HP: 49/69 MP: 4/24
 15813 | Gauntlet | Noticed a minotaur
 15849 | Gauntlet | Killed a minotaur
 16042 | Gauntlet | Identified the ring of Ettof {Ice rN++ rCorr Int+2 Slay+2}
 16522 | D:12     | Learned a level 4 spell: Sticky Flame
 16522 | D:12     | Noticed a two-headed ogre
 16530 | D:12     | Killed a two-headed ogre
 16744 | D:11     | Noticed Snorg
 16760 | D:11     | Killed Snorg
 16821 | D:11     | Noticed KristoblXynda's ghost (novice DrGl)
 16824 | D:11     | Noticed a lich
 16827 | D:11     | Noticed an ettin
 16884 | D:11     | Killed a death knight
 17463 | D:11     | Found a runed translucent door.
 17471 | D:11     | Found a runed translucent door.
 17483 | D:11     | Noticed a two-headed ogre
 17493 | D:11     | Killed a two-headed ogre
 17494 | D:11     | Reached skill level 10 in Fire Magic
 18225 | Lair:1   | Entered Level 1 of the Lair of Beasts
 18278 | Lair:1   | Found a runed translucent door.
 18278 | Lair:1   | Noticed Gargoyl's ghost (journeyman GnAK)
 18294 | Lair:1   | Reached skill level 5 in Stealth
 18309 | Lair:1   | Reached skill level 10 in Spellcasting
 18310 | Lair:1   | Noticed a six-headed hydra
 18335 | Lair:1   | Killed a six-headed hydra
 19340 | Lair:1   | Killed Gargoyl's ghost
 19756 | Lair:2   | Reached XP level 13. HP: 67/73 MP: 27/27
 20028 | Lair:2   | Found a staircase to the Snake Pit.
 20236 | Lair:2   | Reached **** piety under Sif Muna
 20316 | Lair:2   | Found a staircase to the Swamp.
 20623 | Lair:3   | Noticed Gastronok
 20914 | Lair:3   | Killed Gastronok
 21421 | Lair:3   | Reached skill level 10 in Conjurations
 21972 | Lair:3   | Identified the +1 dagger of Bloodstone {speed, rF+}
 22447 | Lair:4   | Found a frozen archway.
 22505 | IceCv    | Entered an ice cave
 22510 | IceCv    | Reached ***** piety under Sif Muna
 22628 | IceCv    | Received a gift from Sif Muna
 22659 | IceCv    | Got Sif Muna's Guide on Damage Dealing {god gift}
 22675 | IceCv    | Learned a level 5 spell: Lightning Bolt
 22951 | IceCv    | Identified the +4 arbalest "Hell-Harrower" {venom, rC+
                  | Dex+3}
 23178 | IceCv    | Noticed a reaper
 23787 | IceCv    | Killed a reaper
 23788 | IceCv    | Reached XP level 14. HP: 81/81 MP: 16/30
 23966 | IceCv    | Identified a scroll of acquirement
 23968 | IceCv    | Acquired the Almanac of Dark Magic and Confrontation
 24407 | Lair:4   | Found a runed translucent gate.
 24407 | Lair:4   | Found a runed translucent gate.
 24407 | Lair:4   | Found a runed translucent gate.
 24431 | Lair:4   | Noticed Qeddo's ghost (journeyman DjAE)
 25063 | Lair:5   | Received a gift from Sif Muna
 25206 | Lair:5   | Got Kieto's Guide on Bewitchment and Lightness {god gift}
 25221 | Lair:5   | Learned a level 7 spell: Orb of Destruction
 25616 | Lair:5   | Found a staircase to the Slime Pits.
 25616 | Lair:5   | Found a viscous altar of Jiyva.
 25908 | Lair:6   | Entered Level 6 of the Lair of Beasts
 26642 | Lair:6   | Reached skill level 5 in Dodging
 28164 | Lair:6   | Learned a level 3 spell: Mephitic Cloud
 28171 | Lair:6   | Learned a level 5 spell: Fireball
 28442 | Lair:6   | Reached XP level 15. HP: 76/86 MP: 23/32
 29216 | Lair:4   | Identified the +7 scimitar of the Endless March {holy,
                  | rCorr Dex+3}
 29806 | Orc:1    | Found a bloodstained altar of Trog.
 30233 | Orc:2    | Entered Level 2 of the Orcish Mines
 30403 | Orc:2    | Found a staircase to the Elven Halls.
 30416 | Orc:2    | Noticed Urug
 30425 | Orc:2    | Received a gift from Sif Muna
 30427 | Orc:2    | Killed Urug
 30437 | Orc:2    | Got Sif Muna's Volume of Stolen Souls and Intoxication {god
                  | gift}
 30799 | Orc:2    | Noticed an orc warlord
 30810 | Orc:2    | Killed an orc warlord
 32321 | Orc:2    | Found Keonnex's General Store.
 32322 | Orc:2    | Found Nesu's Jewellery Shop.
 32325 | Orc:2    | Found Doucluf's Antique Armour Shop.
 32325 | Orc:2    | Found Ocaxky Nano's Antique Weapon Boutique.
 32336 | Orc:2    | Bought the ring of Lughouxo {rElec rPois rF+ rC+ rCorr} for
                  | 781 gold pieces
 32349 | Orc:2    | Bought an encrusted rapier for 198 gold pieces
 32349 | Orc:2    | Identified the +5 rapier of Xemmy {chaos, Int+9 Stlth+}
                  | (You bought it in a shop on level 2 of the Orcish Mines)
 32349 | Orc:2    | Bought a crude halberd for 198 gold pieces
 32349 | Orc:2    | Identified the +7 halberd of the Crawling Thing {vorpal,
                  | rPois Str+4 Int+4 Dex-4} (You bought it in a shop on level
                  | 2 of the Orcish Mines)
 32875 | D:11     | Gained mutation: You are dopey. (Int -2) [potion of
                  | mutation]
 32875 | D:11     | Lost mutation: You are dopey. (Int -2) [potion of mutation]
 33142 | Swamp:1  | Entered Level 1 of the Swamp
 34395 | Swamp:2  | Received a gift from Sif Muna
 34403 | Swamp:2  | Got Epauryde's Incunabulum of Enthralling Confrontation
                  | {god gift}
 34409 | Swamp:2  | Learned a level 3 spell: Summon Guardian Golem
 34414 | Swamp:2  | Acquired 1171 gold pieces
 35013 | Swamp:2  | Noticed Louise
 35023 | Swamp:2  | Killed Louise
 35719 | Swamp:3  | Reached XP level 16. HP: 41/91 MP: 7/34
 36685 | Swamp:3  | Reached skill level 15 in Spellcasting
 37536 | Swamp:4  | Entered Level 4 of the Swamp
 38031 | Swamp:4  | Reached skill level 15 in Fire Magic
 38584 | Swamp:4  | Reached skill level 1 in Short Blades
 39112 | Swamp:4  | Noticed a thorn hunter
 39121 | Swamp:4  | Killed a thorn hunter
 40022 | Swamp:4  | Noticed a thorn hunter
 40317 | Swamp:4  | Reached skill level 15 in Conjurations
 40656 | Swamp:4  | Killed a thorn hunter
 40657 | Swamp:4  | Reached XP level 17. HP: 97/97 MP: 9/37
 40786 | Swamp:4  | Found a blossoming altar of Fedhas.
 40883 | Swamp:4  | Found a basalt altar of Yredelemnul.
 40895 | Swamp:4  | Got a decaying rune of Zot
 41240 | Elf:1    | Entered Level 1 of the Elven Halls
 41765 | Elf:1    | HP: 1/97 [+3 broad axe of freezing (42)]
 42741 | Elf:1    | Gained mutation: You sometimes lose the ability to read
                  | scrolls when taking damage. [a neqoxec]
 42756 | Elf:1    | Noticed a Tzitzimitl
 43818 | Elf:1    | Found Geypucko's Book Boutique.
 43849 | Elf:1    | Bought the Unrestrained Analects for 748 gold pieces
 43849 | Elf:1    | Bought a manual of Shields for 1360 gold pieces
 43849 | Elf:1    | Bought Hafanuh's Catalogue of Scorching Translocation for
                  | 578 gold pieces
 43865 | Elf:1    | Learned a level 6 spell: Starburst
 43877 | Elf:1    | Learned a level 8 spell: Ignition
 44363 | Elf:2    | Found Cyquhoat's Assorted Antiques.
 44702 | Elf:2    | Found Xoheli's Distillery.
 44718 | Elf:2    | Bought a potion of heal wounds for 85 gold pieces
 44945 | Elf:2    | Found Faesusch's General Store.
 44959 | Elf:2    | Reached XP level 18. HP: 85/102 MP: 19/39
 45600 | Elf:1    | Lost mutation: You sometimes lose the ability to read
                  | scrolls when taking damage. [potion of mutation]
 45600 | Elf:1    | Gained mutation: Your system is resistant to poisons.
                  | (rPois) [potion of mutation]
 46089 | Elf:2    | Found Ucunliaf's Assorted Antiques.
 46287 | Elf:2    | Received a gift from Sif Muna
 46288 | Elf:2    | Got Sif Muna's Reference Book on Burning Arcane Weapons
                  | {god gift}
 46382 | Elf:2    | Found a runed translucent gate.
 46382 | Elf:2    | Found a runed translucent gate.
 46382 | Elf:2    | Found a runed translucent gate.
 47590 | Elf:3    | Entered Level 3 of the Elven Halls
 47780 | Elf:3    | Found a magical portal.
 47789 | WizLab   | Entered Yara's Duelist Academy
 47932 | WizLab   | Noticed a quicksilver dragon
 47936 | WizLab   | Killed a quicksilver dragon
 48176 | WizLab   | Noticed Goij
 48185 | WizLab   | Killed Goij the Head Instructor
 48742 | WizLab   | Learned a level 6 spell: Dispersal
 48988 | WizLab   | Found the +5 demon whip "Spellbinder" {antimagic, Will+}
 49259 | Elf:3    | Reached skill level 1 in Translocations
 49954 | Elf:3    | Reached XP level 19. HP: 88/108 MP: 5/41
 50597 | Elf:3    | Identified the +7 war axe of Floods {vorpal, rPois rF- rC++
                  | Will+}
 50796 | Elf:3    | Identified the +6 great mace of Valour {elec, *Corrode
                  | Str-3 Int+9}
 50797 | Elf:3    | Identified the ring "Herenu" {Will+ Int+4}
 50801 | Elf:3    | Identified the +2 mace of False Accusations {vorpal, rElec
                  | rC+ Dex+4}
 50809 | Elf:3    | Received a gift from Sif Muna
 50812 | Elf:3    | Noticed a Brimstone Fiend
 51345 | Elf:3    | Identified the +7 chain mail "Jatet Hid" {rCorr Int+2}
 51724 | Elf:3    | Got the Tome of Warped Earth
 52045 | Snake:1  | Entered Level 1 of the Snake Pit
 53511 | Snake:2  | Found Rummewop's Armour Boutique.
 53582 | Snake:2  | Identified the +0 short sword "Jun Mymo" {vorpal, MP-9
                  | Str+2 Dex+4}
 54121 | Snake:2  | Noticed Donald
 54131 | Snake:2  | Killed Donald
 54305 | Snake:2  | Noticed Aizul
 54309 | Snake:2  | Killed Aizul
 54330 | Snake:2  | Noticed Saint Roka
 54340 | Snake:2  | Killed Saint Roka
 54473 | Snake:2  | Noticed Kirke
 54628 | Snake:2  | Killed Kirke
 55116 | Snake:2  | Reached XP level 20. HP: 114/114 MP: 30/42
 55483 | Snake:3  | Received a gift from Sif Muna
 55486 | Snake:3  | Got Sif Muna's Compendium of Dark Secrets and the Entourage
                  | {god gift}
 55932 | Snake:3  | Reached skill level 5 in Translocations
 56632 | Snake:3  | Found Xuewouf's Weapon Shop.
 56634 | Snake:3  | Found Ugurieni's Antique Weapon Shop.
 56634 | Snake:3  | Found Coacsoat's Antique Weapon Boutique.
 56637 | Snake:3  | Found Geiv's Weapon Boutique.
 56648 | Snake:3  | Reached skill level 10 in Shields
 56973 | Snake:3  | Noticed Nikola
 56981 | Snake:3  | Killed Nikola
 57775 | Snake:4  | Entered Level 4 of the Snake Pit
 58276 | Snake:4  | Noticed Mlioglotl
 58283 | Snake:4  | Killed Mlioglotl
 60128 | Snake:4  | Got a serpentine rune of Zot
 61006 | D:11     | Killed KristoblXynda's ghost
 61335 | D:12     | Received a gift from Sif Muna
 61338 | D:12     | Got Sif Muna's Catalogue of Hurtful Darkness {god gift}
 61759 | D:13     | Found Kezay's Antique Weapon Emporium.
 61839 | D:13     | Found Kohur's Antique Armour Boutique.
 61844 | D:13     | Found Qoguis's General Store.
 61925 | D:13     | Noticed Maurice
 61929 | D:13     | Killed Maurice
 62225 | D:13     | Found Gixoetz's Armour Boutique.
 62287 | D:13     | Acquired 1009 gold pieces
 62517 | D:13     | Found a portal to a secret trove of treasure.
 62533 | D:13     | Found Qimnate's Assorted Antiques.
 62542 | D:13     | Bought a transparent marble ring for 150 gold pieces
 62542 | D:13     | Identified the ring "Askiczis" {MP+9 Stlth+} (You bought it
                  | in a shop on level 13 of the Dungeon)
 62542 | D:13     | Bought a runed onyx ring for 150 gold pieces
 62971 | D:14     | Found a gate to the Vaults.
 63056 | D:14     | Reached XP level 21. HP: 119/119 MP: 35/44
 63149 | D:14     | Found a flagged portal.
 63158 | Bailey   | Entered a bailey
 63277 | Bailey   | Found a runed translucent gate.
 63278 | Bailey   | Found a runed translucent gate.
 63280 | Bailey   | Found a runed translucent gate.
 63626 | Bailey   | Identified the -3 pair of boots of the Tuna {rC+ Dex+4}
 63631 | Bailey   | Acquired 979 gold pieces
 63633 | Bailey   | Acquired the +0 tower shield of the Albatross {+Blink Will+
                  | Str+2}
 63864 | D:14     | Acquired the Papyrus of the Traveller
 63871 | D:14     | Learned a level 4 spell: Iskenderun's Mystic Blast
 63925 | D:13     | Bought the +10 tower shield of Ignorance {rN+ Int-4} for
                  | 1547 gold pieces
 63925 | D:13     | Found the +10 tower shield of Ignorance {rN+ Int-4}
 64370 | D:14     | Reached skill level 1 in Summonings
 64618 | D:15     | Entered Level 15 of the Dungeon
 65201 | D:15     | Noticed Agnes
 65332 | D:15     | Killed Agnes
 65680 | D:15     | Found a staircase to the Depths.
 66009 | D:15     | Noticed Azrael
 66022 | D:15     | Killed Azrael
 66733 | Lair:4   | Killed Qeddo's ghost
 66783 | Slime:1  | Entered Level 1 of the Pits of Slime
 67324 | Slime:1  | Received a gift from Sif Muna
 67325 | Slime:1  | Got Sif Muna's Handbook of Hurtful Darkness {god gift}
 67927 | Slime:2  | Found a viscous altar of Jiyva.
 69427 | Slime:3  | Noticed Dissolution
 69433 | Slime:3  | Killed Dissolution
 69456 | Slime:3  | Gained mutation: You sometimes lose the ability to read
                  | scrolls when taking damage. [a shining eye]
 69926 | Elf:2    | Bought a potion of mutation for 136 gold pieces
 69926 | Elf:2    | Lost mutation: Your system is resistant to poisons. (rPois)
                  | [potion of mutation]
 69926 | Elf:2    | Lost mutation: You sometimes lose the ability to read
                  | scrolls when taking damage. [potion of mutation]
 69926 | Elf:2    | Gained mutation: You are clumsy. (Dex -2) [potion of
                  | mutation]
 69926 | Elf:2    | Gained mutation: You are strong-willed. (Will+) [potion of
                  | mutation]
 69926 | Elf:2    | Gained mutation: You are very clumsy. (Dex -4) [potion of
                  | mutation]
 70831 | Slime:5  | Entered Level 5 of the Pits of Slime
 71579 | Slime:5  | Gained mutation: You occasionally shout uncontrollably at
                  | your foes. [a shining eye]
 71588 | Slime:5  | Noticed the Royal Jelly
 71594 | Slime:5  | Killed the Royal Jelly
 71595 | Slime:5  | Reached XP level 22. HP: 115/125 MP: 17/46
 71891 | Slime:5  | Received a gift from Sif Muna
 71892 | Slime:5  | Reached skill level 5 in Summonings
 71892 | Slime:5  | Got Noiz Yck's Disquisition on the Scorching Glacier {god
                  | gift}
 72046 | Slime:5  | Found the amulet of the Four Winds {rN+ Will+++ Clar}
 72073 | Slime:5  | Identified the ring "Bodusif" {rF- rCorr EV+4 Int+2}
 72122 | Slime:5  | Identified the +0 buckler "Sell" {Rampage rPois Str+7
                  | Slay-5}
 72133 | Slime:5  | Identified the +0 leather armour of the Endless Expanse
                  | {Contam rC+++ Slay-6 SInv}
 72141 | Slime:5  | Identified the +1 pair of boots of the Spheres {Dex+4}
 72171 | Slime:5  | Learned a level 9 spell: Fire Storm
 72226 | Slime:5  | Got a slimy rune of Zot
 73470 | Vaults:1 | Entered Level 1 of the Vaults
 74272 | Vaults:1 | Found Voahysao's Antique Armour Boutique.
 74297 | Vaults:1 | Found Utonluq's Book Shop.
 75329 | Vaults:1 | Found Badwam's Weapon Shoppe.
 75588 | Vaults:2 | Received a gift from Sif Muna
 75589 | Vaults:2 | Got Sif Muna's Grimoire of the Glacier and Poisoning {god
                  | gift}
 75824 | Vaults:2 | Identified the +2 hand axe "Reymm" {vorpal, rC+ Str+4}
 76988 | Vaults:2 | Noticed Sojobo
 77004 | Vaults:2 | Killed Sojobo
 77434 | Vaults:2 | Noticed Boris
 77444 | Vaults:2 | Killed Boris
 77632 | Vaults:3 | Noticed Xtahua
 77638 | Vaults:3 | Killed Xtahua
 78002 | Vaults:3 | Received a gift from Sif Muna
 78352 | Vaults:3 | Reached XP level 23. HP: 119/131 MP: 32/47
 79758 | Vaults:3 | Noticed Mara
 79762 | Vaults:3 | Noticed Conn's illusion
 80156 | Vaults:3 | Killed Mara
 80350 | D:13     | Bought a scroll of blinking for 225 gold pieces
 80350 | D:13     | Bought a scroll of blinking for 225 gold pieces
 80544 | Vaults:3 | Noticed Asterion
 80548 | Vaults:3 | Killed Asterion
 80986 | Vaults:3 | Noticed an ancient lich
 80990 | Vaults:3 | Killed an ancient lich
 81049 | Vaults:3 | Found a staircase to the Crypt.
 82501 | Vaults:4 | Noticed Boris
 82506 | Vaults:4 | Killed Boris
 83214 | Vaults:4 | Received a gift from Sif Muna
 83218 | Vaults:4 | Got Sif Muna's Guide on Arcane Weapons and Companions {god
                  | gift}
 83805 | Vaults:4 | Found Xoedoank's Antique Armour Boutique.
 83879 | Vaults:5 | Entered Level 5 of the Vaults
 83882 | Vaults:5 | Reached skill level 10 in Translocations
 83887 | Vaults:5 | Noticed an ancient lich
 84052 | Vaults:5 | Reached XP level 24. HP: 136/136 MP: 40/48
 84886 | Vaults:5 | Received a gift from Sif Muna
 85606 | Vaults:5 | Got Sif Muna's Guide on the Excruciating Oath {god gift}
 85615 | Vaults:5 | Killed an ancient lich
 85938 | Vaults:5 | Identified the amulet "Maxacsou" {RegenMP rC+ Str+2 Int-4
                  | Slay+3 Stlth+}
 87000 | Vaults:5 | Got a silver rune of Zot
 87523 | Depths:1 | Entered Level 1 of the Depths
 88010 | Depths:1 | Found a runed translucent gate.
 88012 | Depths:1 | Found a runed translucent gate.
 88012 | Depths:1 | Found a runed translucent gate.
 88162 | Depths:1 | Found a gateway to Hell.
 88542 | Depths:1 | Found a snail-covered altar of Cheibriados.
 89300 | Depths:1 | Found a runed translucent gate.
 89300 | Depths:1 | Found a runed translucent gate.
 89303 | Depths:1 | Noticed Ongus's ghost (veteran TrEE)
 89309 | Depths:1 | Found a runed translucent gate.
 89314 | Depths:1 | Lost mutation: You are very clumsy. (Dex -4) [potion of
                  | mutation]
 89314 | Depths:1 | Lost mutation: You occasionally shout uncontrollably at
                  | your foes. [potion of mutation]
 89314 | Depths:1 | Gained mutation: You are frail. (-10% HP) [potion of
                  | mutation]
 89314 | Depths:1 | Gained mutation: You are somewhat resistant to further
                  | mutation. [potion of mutation]
 89329 | Depths:1 | Lost mutation: You are strong-willed. (Will+) [potion of
                  | mutation]
 89329 | Depths:1 | Lost mutation: You are frail. (-10% HP) [potion of
                  | mutation]
 89348 | Depths:1 | Reached XP level 25. HP: 134/142 MP: 49/49
 89372 | Depths:1 | Killed Ongus's ghost
 89494 | Depths:1 | Lost mutation: You are clumsy. (Dex -2) [potion of
                  | mutation]
 89494 | Depths:1 | Lost mutation: You are somewhat resistant to further
                  | mutation. [potion of mutation]
 89494 | Depths:1 | Gained mutation: Your system is resistant to poisons.
                  | (rPois) [potion of mutation]
 89494 | Depths:1 | Gained mutation: You are robust. (+10% HP) [potion of
                  | mutation]
 89494 | Depths:1 | Gained mutation: You have a beak for a mouth. [potion of
                  | mutation]
 89627 | Depths:2 | Received a gift from Sif Muna
 89767 | Depths:1 | Learned a level 2 spell: Blink
 89774 | Depths:1 | Learned a level 6 spell: Iron Shot
 89943 | Depths:2 | Reached skill level 1 in Earth Magic
 90765 | Depths:2 | Found a one-way gate leading to the halls of Pandemonium.
 91582 | Depths:2 | You fall into a shaft and drop 1 floor!
 91655 | Depths:3 | Received a gift from Sif Muna
 91656 | Depths:3 | Got Zeeph's Guide on the Volcanoes and Flight {god gift}
 92026 | Depths:2 | Found a runed translucent door.
 92027 | Depths:2 | Found a runed translucent door.
 92034 | Depths:2 | Found a runed translucent door.
 92036 | Depths:2 | Found a runed translucent door.
 92258 | Depths:2 | Identified the +3 quick blade "Lojiatto" {vorpal, *Noise
                  | rN++ rCorr Str+4}
 92299 | Depths:2 | Identified the amulet of Zif Yva {Spirit rElec rF+ Str+6}
 92304 | Depths:2 | Identified the +6 battleaxe of Jiopinli {vorpal, Str+4
                  | SInv}
 92446 | Depths:3 | Found a gateway to a ziggurat.
 92562 | Depths:3 | Found Ferchoadd's General Store.
 92568 | Depths:3 | Bought 2 potions of curing for 144 gold pieces
 92805 | Depths:3 | Found a corrupted altar of Lugonu.
 92806 | Depths:3 | Found a one-way gate to the infinite horrors of the Abyss.
 93240 | Depths:3 | Found Jifab's Antique Armour Boutique.
 93318 | Depths:3 | Found Qiniskao's Magic Scroll Shop.
 94289 | Depths:3 | Found the +1 cloak of Starlight {*Dazzle EV+4 Stlth--}
 94698 | Depths:4 | Entered Level 4 of the Depths
 94874 | Depths:4 | Found a stormy altar of Qazlal.
 94916 | Depths:4 | Noticed a juggernaut
 94918 | Depths:4 | Reached skill level 5 in Earth Magic
 95440 | Depths:4 | Killed a juggernaut
 95917 | Depths:4 | Received a gift from Sif Muna
 95930 | Depths:4 | Reached XP level 26. HP: 158/161 MP: 3/50
 96234 | Depths:4 | Got Pummipum's Catalogue of Clay and Dislocation {god gift}
 97402 | Depths:4 | Identified the +2 lajatang of Pampai {elec, rElec rN+
                  | rCorr}
 97848 | Depths:4 | Identified the ring "Xilyfub" {rPois MP+9 Dex+5}
 98684 | Depths:4 | Found a gate to the Realm of Zot.
 98726 | Depths:4 | Noticed an ancient lich
 98733 | Depths:4 | Killed an ancient lich
 99481 | Crypt:1  | Entered Level 1 of the Crypt
100176 | Crypt:1  | Identified the +9 great sword of Makhleb's Displeasure
                  | {freeze, Str+5}
100280 | Crypt:1  | Received a gift from Sif Muna
100283 | Crypt:1  | Got Sif Muna's Tome of Dusty Stolen Souls {god gift}
101049 | Crypt:2  | Noticed Bai Suzhen
101052 | Crypt:2  | Killed Bai Suzhen
101242 | Crypt:2  | Identified the ring "Utierch" {Drain rC+ rCorr Str+8 Dex+7}
101315 | Crypt:2  | Noticed Khufu
101385 | Crypt:2  | Found a runed translucent gate.
101385 | Crypt:2  | Found a runed translucent gate.
101385 | Crypt:2  | Found a runed translucent gate.
101386 | Crypt:2  | Noticed Zaowoih's ghost (veteran GrFi)
101828 | Crypt:2  | Killed Khufu
102450 | Crypt:2  | Killed Zaowoih's ghost
102684 | Crypt:3  | Entered Level 3 of the Crypt
103048 | Crypt:3  | Reached XP level 27. HP: 168/168 MP: 25/51
103056 | Crypt:3  | Found a basalt altar of Yredelemnul.
103636 | Crypt:3  | Found the +13 scythe of Curses {drain, Drain}
103660 | Crypt:3  | Received a gift from Sif Muna
103661 | Crypt:3  | Got Sif Muna's Volume of Bewitchment and Stones {god gift}
103662 | Crypt:3  | Upgraded the game from 0.28-a0-592-g6fc52098c6 to
                  | 0.28-a0-604-g249bb1af34
104202 | Crypt:3  | Found a runed translucent gate.
104202 | Crypt:3  | Found a runed translucent gate.
104202 | Crypt:3  | Found a runed translucent gate.
104203 | Crypt:3  | Found an iron altar of Okawaru.
104203 | Crypt:3  | Identified the +11 great mace "Ywemoscho" {drain, rF+
                  | Str+3}
104204 | Crypt:3  | Noticed Zijastu's ghost (veteran MiBe)
104214 | Crypt:3  | Reached skill level 5 in Staves
104690 | Crypt:3  | Identified the +0 cloak "Izedol" {rF+ Dex+7}
104837 | Crypt:3  | Killed Zijastu's ghost
105412 | Crypt:3  | Found a staircase to the Tomb.
105462 | Crypt:3  | Identified the ring of Abstinence {Wiz rF+}
105777 | Crypt:3  | Identified the ring of Nigg {rElec rN+ Slay+6}
105777 | Crypt:3  | Identified the ring "Hioqenat" {rN+ Str+6 Dex+4}
105777 | Crypt:3  | Identified the ring "Osyf" {rF+ rN+ Slay+6}
105957 | Crypt:3  | Noticed a dread lich
105959 | Crypt:3  | Killed a dread lich
106259 | Tomb:1   | Entered Level 1 of the Tomb of the Ancients
106259 | Tomb:1   | Noticed Mennas
106263 | Tomb:1   | Killed Mennas
106487 | Tomb:1   | Received a gift from Sif Muna
106488 | Tomb:1   | Got Xotiam's Reference Book on Snow and the Arsonist {god
                  | gift}
106506 | Tomb:1   | Learned a level 7 spell: Spellforged Servitor
106659 | Tomb:1   | Noticed a royal mummy
106660 | Tomb:1   | Noticed a royal mummy
106664 | Tomb:1   | Killed a royal mummy
106733 | Tomb:1   | Killed a royal mummy
107927 | Tomb:1   | Identified the ring of Ikkuts {rCorr Dex+4}
108735 | Hell     | Entered the Vestibule of Hell
108749 | Hell     | Noticed Geryon
108912 | Hell     | Reached skill level 10 in Dodging
109305 | Hell     | Killed Geryon
109585 | Hell     | Received a gift from Sif Muna
109591 | Hell     | Got Fomim's Catalogue of Flying Ignition {god gift}
109947 | Hell     | Found a gateway to the decaying netherworld of Tartarus.
110080 | Hell     | Found a gateway to the ashen valley of Gehenna.
110132 | Hell     | Found a gateway to the freezing wastes of Cocytus.
110317 | Hell     | Found a gateway to the Iron City of Dis.
110425 | Tar:1    | Entered Level 1 of Tartarus
110439 | Tar:1    | Reached skill level 10 in Staves
111059 | Coc:1    | Entered Level 1 of Cocytus
111669 | Coc:2    | Received a gift from Sif Muna
112706 | Coc:5    | Noticed a dread lich
112954 | Coc:5    | Killed a dread lich
113630 | Coc:7    | Entered Level 7 of Cocytus
114223 | Coc:7    | Identified the amulet "Beidwiun" {Faith Rampage Fragile Fly
                  | Str-3}
114223 | Coc:7    | Noticed Antaeus
114230 | Coc:7    | Killed Antaeus
114904 | Coc:7    | Reached ****** piety under Sif Muna
115117 | Coc:7    | Found the +2 cloak of the Thief {*Fog Slay-2 SInv Stlth+}
115147 | Coc:7    | Identified the ring "Qanus" {Ice +Blink rN+ Str-4}
116246 | Coc:7    | Got an icy rune of Zot
116367 | Dis:1    | Entered Level 1 of the Iron City of Dis
118021 | Zot:1    | Entered Level 1 of the Realm of Zot
118022 | Zot:1    | Noticed an orb of fire
118029 | Zot:1    | Killed an orb of fire
118749 | Zot:1    | Noticed an orb of fire
118755 | Zot:1    | Gained mutation: You are clumsy. (Dex -2) [an orb of fire]
118758 | Zot:1    | Killed an orb of fire
120961 | Zot:2    | Reached skill level 27 in Spellcasting
121045 | Zot:2    | Learned a level 8 spell: Lehudib's Crystal Spear
122910 | D:13     | You paid a toll of 12 potions of heal wounds to enter a
                  | treasure trove
122911 | Trove    | Entered a treasure trove
122916 | Trove    | Found the +4 dagger "Morg" {pain, Will+ Int+5}
122920 | Trove    | Identified the +2 buckler of Gestures {*Slow +Blink rF++}
122925 | Trove    | Identified the ring of Ascent {rF+ EV+4}
122930 | Trove    | Identified the +0 hat of Kyorog {Str+3}
126270 | Zot:5    | Entered Level 5 of the Realm of Zot
126273 | Zot:5    | Reached skill level 10 in Earth Magic
126764 | Zot:5    | Found the +4 dragonskin cloak
126764 | Zot:5    | Noticed Tiamat
126766 | Zot:5    | Reached skill level 27 in Conjurations
126778 | Zot:5    | Killed Tiamat
127147 | Zot:5    | Reached skill level 10 in Stealth
127466 | Zot:5    | Noticed an orb of fire
127473 | Zot:5    | Noticed an orb of fire
127478 | Zot:5    | Killed an orb of fire
127481 | Zot:5    | Noticed an orb of fire
127485 | Zot:5    | Killed an orb of fire
127997 | Zot:5    | Noticed an orb of fire
128005 | Zot:5    | Noticed an orb of fire
128007 | Zot:5    | Noticed an ancient lich
128008 | Zot:5    | Noticed an orb of fire
128011 | Zot:5    | Noticed an orb of fire
128013 | Zot:5    | Noticed a dread lich
128015 | Zot:5    | Killed an orb of fire
128020 | Zot:5    | Noticed an orb of fire
128021 | Zot:5    | Lost mutation: You are robust. (+10% HP) [an orb of fire]
128024 | Zot:5    | Noticed an orb of fire
128058 | Zot:5    | Gained mutation: Your magical capacity is low. (-10% MP)
                  | [an orb of fire]
128063 | Zot:5    | Killed an orb of fire
128064 | Zot:5    | Reached skill level 15 in Dodging
128097 | Zot:5    | Gained mutation: You do not regenerate when monsters are
                  | visible. [an orb of fire]
128107 | Zot:5    | Killed an orb of fire
128356 | Zot:5    | Gained mutation: You sometimes lose the ability to read
                  | scrolls when taking damage. [an orb of fire]
128356 | Zot:5    | Gained mutation: You tend to lose your temper in combat.
                  | [an orb of fire]
128359 | Zot:5    | Killed an orb of fire
128360 | Zot:5    | Reached skill level 5 in Fighting
128525 | Zot:5    | Killed an orb of fire
128742 | Zot:1    | Lost mutation: Your magical capacity is low. (-10% MP)
                  | [potion of mutation]
128742 | Zot:1    | Lost mutation: Your system is resistant to poisons. (rPois)
                  | [potion of mutation]
128742 | Zot:1    | Lost mutation: You are clumsy. (Dex -2) [potion of
                  | mutation]
128742 | Zot:1    | Gained mutation: You expend magic power (3 MP) to
                  | strengthen your wands. [potion of mutation]
129120 | Crypt:2  | Lost mutation: You sometimes lose the ability to read
                  | scrolls when taking damage. [potion of mutation]
129120 | Crypt:2  | Gained mutation: Your body sometimes deteriorates upon
                  | taking damage. [potion of mutation]
129120 | Crypt:2  | Lost mutation: You expend magic power (3 MP) to strengthen
                  | your wands. [potion of mutation]
129120 | Crypt:2  | Lost mutation: You do not regenerate when monsters are
                  | visible. [potion of mutation]
129120 | Crypt:2  | Gained mutation: You are partially covered in iridescent
                  | scales. (AC +2) [potion of mutation]
129121 | Crypt:2  | Lost mutation: You tend to lose your temper in combat.
                  | [potion of mutation]
129121 | Crypt:2  | Lost mutation: You are partially covered in iridescent
                  | scales. (AC +2) [potion of mutation]
129121 | Crypt:2  | Gained mutation: You are robust. (+10% HP) [potion of
                  | mutation]
129121 | Crypt:2  | Gained mutation: You are strong-willed. (Will+) [potion of
                  | mutation]
129121 | Crypt:2  | Lost mutation: You are robust. (+10% HP) [potion of
                  | mutation]
129971 | Zot:5    | Killed an ancient lich
130529 | Zot:5    | Killed an orb of fire
130534 | Zot:5    | Gained mutation: You are clumsy. (Dex -2) [an orb of fire]
130543 | Zot:5    | Killed an orb of fire
130881 | Zot:5    | Noticed an ancient lich
130909 | Zot:5    | Killed an ancient lich
131099 | Zot:5    | Killed a dread lich
132030 | Zot:5    | Got the Orb of Zot
132083 | Zot:5    | Killed from afar by a hellion

Illustrated notes

Levels and vault maps discovered:
D:1:      giann_bridges, layout_basic, dreamdust_ecumenical_altar_grove,
          serial_shops, nicolae_shop_waterfront, minmay_misc_feat_rows,
          minmay_hexomino_c4
D:2:      wander_river, layout_basic, serial_shops, shop,
          corexii_leaking_fountain
D:3:      layout_basic, minivault_23, roderic_three_in_a_row, uniq_natasha
D:4:      layout_loops_ring, kennysheep_donut
D:5:      layout_loops_ring, minmay_temple_entry_drinking_statues
D:6:      layout_loops_corners, uniq_prince_ribbit1, uniq_maggie, uniq_duvessa
D:7:      layout_loops_corners, fedhas_altar_decomposition, uniq_pikel
D:8:      layout_loops_ring, erik_lair_dragon
D:9:      layout_irregular_city, erik_orc_3, lemuel_flame_loot_1
D:10:     layout_roguey, uniq_sonja
D:11:     layout_loops_ring, muffindrake_ghost_dual_entry,
          gauntlet_entry_generic, uniq_snorg
D:12:     layout_rooms, special_room [special_room_orc]
D:13:     layout_cave_pools, serial_shops, nicolae_shop_overgrown_old_shop,
          nicolae_shop_stone, nicolae_shop_overgrown_old_shop,
          nicolae_stop_n_shop_1, shop, nicolae_trove_entry_diagonal,
          kennysheep_small_circle, uniq_maurice
D:14:     layout_stronghold, david_vaults_1, serial_column_ruins,
          column_ruins_columns_corner, column_ruins_open_tiny,
          column_ruins_open_small, column_ruins_columns_corner,
          column_ruins_grid_1, minmay_misc_feat_encased, enter_bailey_3
D:15:     gammafunk_enter_depths_forms, layout_rooms, chequers_avenue,
          uniq_agnes, uniq_azrael
Temple:   compressed_dpeg_triangle_lava_temple
Lair:1:   layout_roguey, hellmonk_ghost_happy_afterlife, grunt_megastairs_3,
          infiniplex_staircase_pool_2
Lair:2:   layout_regular_city, palyth_hydra_swamp_entry, dummy_snake_entry,
          lemuel_fruit_fields
Lair:3:   layout_cave_pods, grunt_megastairs_5, uniq_gastronok
Lair:4:   layout_big_grid, portal_ice_cave_entry_imps,
          gammafunk_ghost_hydra_chop
Lair:5:   layout_cave_pods, slime_altar_1, beast_lair_carwin_6,
          lemuel_fruit_tree
Lair:6:   evilmike_catoblepas_cave, layout_long_grid, serial_bayou,
          serial_bayou_pond_d, serial_bayou_lagoon_a, serial_bayou_pond_b,
          serial_bayou_lake_a, serial_bayou_pond_e
Swamp:1:  layout_basic_swamp, nicolae_swamp_treefoil
Swamp:2:  layout_basic_swamp, hangedman_swamp_blocks, uniq_louise
Swamp:3:  nicolae_swamp_tree_isthmus, layout_basic_swamp,
          infiniplex_staircase_pool, statue_in_the_mist_lemuel, swamp_pool5
Swamp:4:  byrel_swamp_growth_death_and_undeath, layout_basic_swamp
Snake:1:  layout_layer_cave
Snake:2:  layout_gridlike, serial_shops, shop, drop_trap, uniq_kirke,
          uniq_donald, uniq_saint_roka, uniq_aizul
Snake:3:  layout_chambers, grunt_megastairs_2, minmay_shoptagon, uniq_nikola
Snake:4:  grunt_snake_rune_serpentine_throne, layout_cave_town,
          serial_bayou_shore_a, uniq_mlioglotl
Slime:1:  layout_caves
Slime:2:  layout_caves, basic_altar, cheibrodos_slime_lost_civilization_7
Slime:3:  layout_caves, nicolae_slime_barrier, uniq_dissolution
Slime:4:  layout_caves, nicolae_slime_welcoming_committee
Slime:5
Orc:1:    layout_caves, basic_altar, minmay_orc_temple_a
Orc:2:    st_orc_congregation, layout_caves, basic_altar, uniq_urug
Elf:1:    eino_elf_arrival_sip, layout_loops_cross, serial_shops,
          nicolae_shop_stone, hangedman_elven_crosses_minicolossus
Elf:2:    elven_hall_of_blades_hangedman_original [nicolae_blade_lattice],
          layout_gridlike, serial_shops, nicolae_shop_stone, nicolae_shop_stone,
          shop, shop, st_stairs_2
Elf:3:    minmay_elf_hall_spiked, layout_geoelf_castle, mu_enter_wizlab_5
Vaults:1: nicolae_vaults_network_periphery, vaults_mumra_minichess,
          hangedman_vaults_variations, nicolae_vaults_hallways_thing, v_misc_14,
          vaults_dpeg_cross, dpeg_vaults_monster_row,
          vaults_room_grunt_arrival_ludios, vaults_room_fancy_cross,
          nicolae_vaults_little_ls, special_room_vaults [special_room_orc],
          hangedman_vaults_impose, layout_vaults_omnibox, serial_shops, shop,
          nicolae_shop_overgrown_old_shop, shop
Vaults:2: v_alt_pattern_3, nicolae_vaults_little_squares_6,
          nicolae_vaults_shelves_hall, v_alt_pattern_5, v_pattern_2,
          nicolae_vaults_angled_halls, hangedman_vaults_nails, v_misc_27,
          v_misc_31, nicolae_vaults_yaktaur_gun_rack, layout_vaults_big_room,
          uniq_sojobo, uniq_boris
Vaults:3: grunt_vaults_hallway_short, minmay_crypt_entry_simple_sparse,
          v_misc_28, vaults_mumra_lcd, nicolae_vaults_alarming, v_misc_2,
          vaults_room_corners, layout_vaults_omnigrid, uniq_xtahua,
          uniq_asterion, uniq_mara
Vaults:4: v_misc_23, nicolae_vaults_stairing_the_circle, ontoclasm_vaults_pinch,
          vaults_room_octagon, hangedman_vaults_trim, nicolae_vaults_asterisk,
          vaults_mumra_chevron, v_misc_18, ontoclasm_vaults_gateway,
          v_pattern_3, vaults_dpeg_encased_lava, nicolae_vaults_border_crossing,
          ontoclasm_vaults_shout, nicolae_vaults_network_s,
          layout_vaults_omnicross, serial_shops, shop
Vaults:5: uniq_margery
Crypt:1:  layout_gridlike, grunt_ministairs_12, nicolae_crypt_niches
Crypt:2:  layout_basic, gammafunk_ghost_split, st_small_mortuary,
          uniq_bai_suzhen, uniq_khufu
Crypt:3:  church_of_pain_bobbens, layout_chaotic_city,
          tomb_entry_simple_bobbens, gammafunk_ghost_fury_of_okawaru
Tomb:1:   uniq_mennas
Depths:1: layout_honeycomb, ploomutoo_gammafunk_ghost_potion_laboratory,
          hangedman_abyss_or_decor_lesser_grid, grunt_hell_horde,
          cheibrodos_worm_habitat, serial_bayou_shore_b
Depths:2: impenetrable_vault, layout_cave_shapes, grunt_hell_entry_dis_grunt,
          rand_demon_pan_entry_7, grunt_decor_resistance
Depths:3: minmay_shrinking_squares, layout_basic, enter_ziggurat_c,
          minmay_misc_feat_nine_boxes, abyss_entry_flame_altar, hellmouth_1,
          serial_shops, nicolae_stop_n_shop_1, nicolae_inconvenience_store,
          nicolae_lakefront_shop, st_stairs_9, minmay_misc_feat_enclosed,
          infiniplex_staircase_pillars_3a
Depths:4: lemuel_castle_with_subvaults [lemuel_castle_interior_original],
          layout_cave_pools, abyss_entry, hell_entry,
          nicolae_qazlal_style_of_elements
Hell
Dis:1:    layout_subdivisions, nicolae_dis_emergency_hatch
Dis:2:    layout_overlapping_boxes, glass_columns_a
Coc:1:    layout_cocytus_water_paths
Coc:2:    layout_ice_bergs, nicolae_hells_seeping_fissure
Coc:3:    layout_cocytus_delve
Coc:4:    layout_cocytus_water_paths
Coc:5:    layout_cocytus_delve
Coc:6:    layout_cocytus_water_paths, nicolae_hells_seeping_fissure
Coc:7:    coc_mu
Tar:1:    layout_grid_maze
Tar:2:    layout_honeycomb
Zot:1:    layout_twisted_circle
Zot:2:    layout_gridlike
Zot:3:    lemuel_draconian_sentries_small, layout_gridlike
Zot:4:    layout_gridlike, hangedman_spider_trapstep
Zot:5:    layout_onion, uniq_tiamat

Skill      XL: |  1  2  3  4  5  6  7  8  9 10 11 12 13 14 15 16 17 18 19 20 21 22 23 24 25 26 27 |
---------------+----------------------------------------------------------------------------------+-----
Stealth        | 3 4 5 6 7 8 9 10 | 10.2
Fire Magic     | 4 5 6 7 8 9 10 12 13 14 15 16 17 18 20 21 22 23 24 26 | 26.0
Spellcasting   | 3 4 5 6 7 8 10 12 13 14 16 17 18 19 20 21 22 23 24 27 | 27.0
Conjurations   | 2 3 4 6 7 9 10 11 13 15 16 17 18 19 20 21 27 | 27.0
Hexes          | 1 2 3 |  3.4
Dodging        | 3 4 5 6 7 8 15 | 15.7
Shields        | 2 4 5 6 9 11 12 14 | 14.0
Invocations    | 2 5 6 7 |  7.0
Staves         | 1 2 3 4 14 | 14.0
Evocations     | 1 2 |  2.0
Fighting       | 1 2 3 4 5 |  5.1
Poison Magic   | 3 |  3.4
Air Magic      | 3 4 |  4.2
Ice Magic      | 2 3 |  3.3
Short Blades   | 1 2 3 |  3.8
Translocations | 1 4 6 7 8 10 | 10.2
Summonings     | 4 7 8 |  8.7
Earth Magic    | 5 8 13 | 13.8
Unarmed Combat | |  0.2

Action                   |  1- 3 |  4- 6 |  7- 9 | 10-12 | 13-15 | 16-18 | 19-21 | 22-24 | 25-27 || total
-------------------------+-------+-------+-------+-------+-------+-------+-------+-------+-------++-------
Melee: Unarmed           |    14 |     2 |       |       |       |       |       |       |       ||    16
       Constrict         |     5 |    11 |     5 |     9 |    13 |     5 |    28 |     3 |    20 ||    99
       Tentacles         |     3 |     1 |     2 |     9 |     5 |     1 |    25 |    16 |    73 ||   135
       Staff             |       |    20 |    25 |    34 |    38 |       |    51 |    81 |   160 ||   409
       Rapier            |       |       |       |       |     1 |    20 |   113 |       |       ||   134
       Peck              |       |       |       |       |       |       |       |       |    62 ||    62
       Punch             |       |       |       |       |       |       |       |       |     2 ||     2
 Cast: Foxfire           |    64 |   115 |   176 |   313 |   728 |    99 |   129 |     8 |    60 ||  1692
       Inner Flame       |       |     5 |    17 |    66 |   180 |    43 |       |       |       ||   311
       Conjure Flame     |       |     2 |     3 |     8 |     1 |     2 |       |       |       ||    16
       Flame Wave        |       |       |       |    30 |    39 |     9 |     9 |     6 |     4 ||    97
       Scorch            |       |       |       |    18 |    38 |     1 |       |     1 |    15 ||    73
       Hailstorm         |       |       |       |     5 |     1 |     2 |     5 |    11 |     3 ||    27
       Sticky Flame      |       |       |       |     9 |    17 |     8 |       |       |       ||    34
       Olgreb's Toxic Ra |       |       |       |     2 |    25 |     2 |       |       |       ||    29
       Lightning Bolt    |       |       |       |       |     3 |       |       |       |       ||     3
       Fireball          |       |       |       |       |    44 |   123 |    33 |     9 |    82 ||   291
       Orb of Destructio |       |       |       |       |     4 |   205 |   257 |   211 |   568 ||  1245
       Mephitic Cloud    |       |       |       |       |     3 |    19 |     2 |       |       ||    24
       Summon Guardian G |       |       |       |       |       |     8 |     2 |       |     1 ||    11
       Starburst         |       |       |       |       |       |    22 |    38 |    24 |    74 ||   158
       Ignition          |       |       |       |       |       |     7 |   113 |   141 |    78 ||   339
       Iskenderun's Myst |       |       |       |       |       |       |     9 |    33 |    76 ||   118
       Dispersal         |       |       |       |       |       |       |       |    12 |    34 ||    46
       Fire Storm        |       |       |       |       |       |       |       |     6 |   254 ||   260
       Iron Shot         |       |       |       |       |       |       |       |       |   150 ||   150
       Blink             |       |       |       |       |       |       |       |       |    21 ||    21
       Lehudib's Crystal |       |       |       |       |       |       |       |       |    80 ||    80
       Spellforged Servi |       |       |       |       |       |       |       |       |     6 ||     6
Invok: Channel Magic     |       |       |       |     1 |     2 |    11 |    13 |    12 |    51 ||    90
Evoke: Wand              |       |     3 |     4 |     2 |     1 |     1 |       |       |     4 ||    15
       Phantom mirror    |       |       |       |       |       |     1 |       |       |       ||     1
  Use: Scroll            |       |     3 |     7 |    12 |    16 |    10 |     7 |     8 |     8 ||    71
       Potion            |       |       |     1 |     9 |     6 |     9 |     5 |    14 |    16 ||    60
 Stab: Sleeping          |       |       |       |     1 |     1 |     3 |     9 |     2 |       ||    16
       Confused          |       |       |       |       |       |     2 |       |       |       ||     2
       Distracted        |       |       |       |       |       |       |       |       |     1 ||     1
Armor: Skin              |     3 |       |    10 |    46 |    50 |    22 |    58 |    50 |    72 ||   311
Dodge: Dodged            |    20 |    22 |    44 |    95 |   109 |    57 |    93 |    86 |   251 ||   777
Block: Buckler           |       |       |     5 |   119 |   122 |    65 |   175 |     1 |       ||   487
       Reflection        |       |       |       |     8 |     9 |    23 |    44 |    43 |    24 ||   151
       Tower shield      |       |       |       |       |       |       |    11 |       |       ||    11
       Kite shield       |       |       |       |       |       |       |       |   140 |   295 ||   435

Table legend: (Time is in decaauts)
 A = Elapsed time spent in this place.
 B = Non-inter-level travel time spent in this place.
 C = Inter-level travel time spent in this place.
 D = Time resting spent in this place.
 E = Time spent auto-exploring this place.
 F = Levels seen in this place.
 G = Mean time per level.
                   A        B        C        D        E       F      G
               +--------+--------+--------+--------+--------+-----+--------+
         Total | 132115 | 124671 |   7444 |  37527 |  58691 |  75 | 1761.5 |
       Dungeon |  24338 |  21300 |   3038 |   2493 |  13546 |  15 | 1622.5 |
        Temple |     32 |     17 |     15 |      0 |      1 |   1 |   32.0 |
          Lair |  10990 |   9987 |   1003 |   1787 |   6020 |   6 | 1831.7 |
         Swamp |   7915 |   7801 |    114 |   3901 |   2611 |   4 | 1978.8 |
     Snake Pit |   8694 |   8527 |    167 |   1405 |   5527 |   4 | 2173.5 |
    Slime Pits |   5163 |   5025 |    138 |   1961 |   1838 |   5 | 1032.6 |
  Orcish Mines |   3210 |   3130 |     80 |    854 |   1198 |   2 | 1605.0 |
   Elven Halls |   9457 |   9252 |    205 |   3808 |   3019 |   3 | 3152.3 |
        Vaults |  14293 |  13368 |    925 |   3962 |   6492 |   5 | 2858.6 |
         Crypt |   6994 |   6670 |    324 |   1451 |   3758 |   3 | 2331.3 |
          Tomb |   2139 |   2139 |      0 |    867 |    807 |   1 | 2139.0 |
        Depths |  13525 |  12755 |    770 |   4870 |   5492 |   4 | 3381.2 |
          Hell |   1908 |   1906 |      2 |    986 |    419 |   1 | 1908.0 |
           Dis |   1062 |   1062 |      0 |    725 |     48 |   2 |  531.0 |
       Cocytus |   4835 |   4715 |    120 |   1464 |   1851 |   7 |  690.7 |
      Tartarus |    482 |    482 |      0 |    148 |     77 |   2 |  241.0 |
           Zot |  12594 |  12056 |    538 |   4986 |   5246 |   5 | 2518.8 |
         Trove |     43 |     43 |      0 |      0 |      0 |   1 |   43.0 |
        Bailey |    532 |    532 |      0 |    123 |    117 |   1 |  532.0 |
      Ice Cave |   1576 |   1576 |      0 |    647 |    339 |   1 | 1576.0 |
        Wizlab |   1270 |   1270 |      0 |    569 |    285 |   1 | 1270.0 |
      Gauntlet |   1056 |   1056 |      0 |    515 |      0 |   1 | 1056.0 |
               +--------+--------+--------+--------+--------+-----+--------+

Top non-repeatable levels by time:
   Zot:5: 4582 daAuts
Vaults:4: 4244 daAuts
Depths:4: 4050 daAuts
   Elf:1: 3955 daAuts
Depths:3: 3815 daAuts
Vaults:3: 3742 daAuts
Depths:1: 3736 daAuts
  Lair:5: 3071 daAuts
 Crypt:3: 2984 daAuts
 Snake:4: 2883 daAuts
   Elf:3: 2870 daAuts
   Coc:7: 2670 daAuts
   Elf:2: 2631 daAuts
 Swamp:3: 2504 daAuts
 Crypt:2: 2413 daAuts
